 Dungeon Crawl Stone Soup version 0.28.0-62-gf88900778d (webtiles) character file.

Game seed: 12663348835594904924

113 cbfl8 the Chopper (level 4, 0/40 HPs)
             Began as a Hill Orc Monk on May 24, 2023.
             Was a Believer of Beogh.
             Slain by Ijyb
             ... wielding a +0 dagger
              (4 damage)
             ... on level 3 of the Dungeon.
             The game lasted 00:05:23 (4286 turns).

cbfl8 the Chopper (Hill Orc Monk)                   Turns: 4286, Time: 00:05:24

Health: 0/40       AC:  5    Str: 23    XL:     4   Next: 96%
Magic:  2/4        EV: 11    Int: 10    God:    Beogh [**....]
Gold:   47         SH:  0    Dex: 13    Spells: 3/3 levels left

rFire   . . .      SeeInvis .   a - +0 hand axe
rCold   . . .      Faith    .   (no shield)
rNeg    . . .      Spirit   .   g - +0 ring mail
rPois   .          Reflect  .   (no helmet)
rElec   .          Harm     .   (no cloak)
rCorr   .          Rampage  .   (no gloves)
Will    .....                   (no boots)
Stlth   +.........              (no amulet)
HPRegen 0.13/turn               i - ring "Sin Vabo" {Fly Str+8}
MPRegen 0.09/turn               (no ring)

@: flying
A: no striking features
a: Renounce Religion, Smiting


You were on level 3 of the Dungeon.
You worshipped Beogh.
Beogh was pleased with you.
You visited 1 branch of the dungeon, and saw 3 of its levels.

You collected 73 gold pieces.
You spent 26 gold pieces at shops.

Inventory:

Hand Weapons
 a - a +0 hand axe (weapon)
Armour
 g - a +0 ring mail (worn)
Jewellery
 i - the ring "Sin Vabo" (left hand) {Fly Str+8}
   (You found it on level 2 of the Dungeon)

   [ring of flight]

   Str:       It affects your strength (+8).
   Fly:       It grants you flight.
 m - a +6 ring of dexterity
Scrolls
 b - a scroll of enchant weapon
 c - a scroll of blinking
 f - a scroll of silence
 j - a scroll of identify
 k - a scroll of teleportation
 l - a scroll of noise
Potions
 d - 2 potions of curing {unknown}
 e - 3 potions of brilliance {unknown}
 h - a potion of degeneration {unknown}
 n - a potion of invisibility {unknown}


   Skills:
 + Level 4.2 Fighting
 + Level 5.2 Axes
 + Level 1.2 Armour
 + Level 2.8 Dodging
 + Level 1.9 Stealth
 * Level 1.4 Evocations


You had 3 spell levels left.
You didn't know any spells.
Your spell library contained the following spells:

 Spells                   Type           Power      Damage    Failure   Level
 Summon Ice Beast         Ice/Summ       0%         N/A       99%         4
 Summon Mana Viper        Hex/Summ       0%         N/A       100%        5
 Monstrous Menagerie      Summ           0%         N/A       100%        7


Dungeon Overview and Level Annotations

Branches:
Dungeon (3/15)

Altars:
Yredelemnul
The Shining One

Shops:
D:2 ?=[?

Annotations:
D:3 Ijyb


Message History

You smite Ijyb!
Ijyb is heavily wounded.
Ijyb zaps a wand.
The puff of flame hits you but does no damage.
You hit Ijyb.
Ijyb is severely wounded.
Ijyb hits you with a +0 dagger.
You closely miss Ijyb.
Ijyb is severely wounded.
Ijyb barely misses you.
You hit Ijyb but do no damage.
Ijyb is severely wounded.
Ijyb hits you with a +0 dagger.
You hit Ijyb.
Ijyb is almost dead.
Ijyb hits you with a +0 dagger.
You hit Ijyb but do no damage.
Ijyb is almost dead.
Ijyb hits you with a +0 dagger.
You hit Ijyb.
Ijyb is almost dead.
Ijyb zaps a wand.
The puff of flame hits you.
You hit Ijyb but do no damage.
Ijyb is almost dead.
Ijyb closely misses you.
You barely miss Ijyb.
Ijyb is almost dead.
Ijyb closely misses you.
You barely miss Ijyb.
Ijyb is almost dead.
Ijyb zaps a wand.
The puff of flame hits you.
* * * LOW HITPOINT WARNING * * *
You hit Ijyb but do no damage.
Ijyb is almost dead.
Ijyb zaps a wand.
The puff of flame hits you.
* * * LOW HITPOINT WARNING * * *
You hit Ijyb but do no damage.
Ijyb is almost dead.
Ijyb hits you with a +0 dagger.
You die...

.### #####...........####.###
...########.[.............#.#
##......##..#....<........#.#
###...)..)##.............#.##
####.##..........)........#..#
.....########.............##.#
###### #............o##.###
#....(........#....#
####@g.####.......##
#####...#.#.......#.##
##########............###.##.#
...........##.##......###..#.#
.....#######..##.####..###.#.#
....)# ##.##..# ##.# #.#(#
...(### ##......# #.# #.#.#
##....####..#....# #.###.#.#
#.##.....<.#.##.# #.....#.#


You could see Ijyb.

Vanquished Creatures
  3 gnolls
  3 adders (D:2)
  2 worms
  A dart slug (D:1)
  2 orcs (D:3)
  4 ball pythons
  5 bats
  3 endoplasms
  2 giant cockroaches
  7 goblins
  4 hobgoblins
  A quokka (D:1)
  4 frilled lizards
  3 kobolds (D:1)
  3 rats
47 creatures vanquished.

Vanquished Creatures (others)
  An orc priest (D:3)
  An orc (D:3)
2 creatures vanquished.

Grand Total: 49 creatures vanquished

Notes
Turn   | Place    | Note
-------+----------+-------------------------------------------
     0 | D:1      | cbfl8 the Hill Orc Monk began the quest for the Orb.
     0 | D:1      | Reached XP level 1. HP: 19/19 MP: 1/1
   413 | D:1      | Reached XP level 2. HP: 25/27 MP: 2/2
   817 | D:1      | Found a faded altar of an unknown god.
  1256 | D:2      | Found Plog's Magic Scroll Shoppe.
  1261 | D:2      | Reached XP level 3. HP: 33/33 MP: 3/3
  1267 | D:2      | Found Inexkul's Armour Boutique.
  1272 | D:2      | Bought a scroll of identify for 26 gold pieces
  1404 | D:2      | Identified the ring "Sin Vabo" {Fly Str+8}
  1417 | D:2      | Found Cecvewin's Jewellery Shop.
  1435 | D:2      | Found a glowing golden altar of the Shining One.
  1658 | D:2      | Found Tafyel's Magic Scroll Shop.
  2113 | D:2      | Reached skill level 1 in Evocations
  2113 | D:2      | Reached XP level 4. HP: 36/40 MP: 4/4
  2348 | D:2      | Reached skill level 5 in Axes
  3260 | D:3      | Became a worshipper of Beogh the Brigand
  3260 | D:3      | Reached * piety under Beogh
  3260 | D:3      | Reached ** piety under Beogh
  3267 | D:3      | Reached skill level 1 in Armour
  3306 | D:3      | Found a basalt altar of Yredelemnul.
  3402 | D:3      | Noticed Ijyb
  4286 | D:3      | Slain by Ijyb

Illustrated notes

Levels and vault maps discovered:
D:1:      arrival_zaba_pyramid, layout_basic, ebering_ecumenical_altar_webs
D:2:      layout_rooms, serial_shops, nicolae_diamond_shop, shop, shop,
          nicolae_shop_crystal, basic_altar, minmay_stone_trees_small,
          minmay_misc_feat_encased, kennysheep_generic_room_9
D:3:      layout_rooms, mainiacjoe_overflow_six_doors_small, uniq_ijyb,
          uniq_crazy_yiuf_cottage

Skill      XL: |  1  2  3  4 |
---------------+-------------+-----
Fighting       | 4 |  4.2
Evocations     | 1 |  1.4
Axes           | 5 |  5.2
Armour         | 1 |  1.2
Dodging        | |  2.8
Stealth        | |  1.9

Action                   |  1- 3 |  4- 6 || total
-------------------------+-------+-------++-------
Melee: Hand axe          |    96 |   104 ||   200
       Punch             |       |     1 ||     1
Invok: Smiting           |       |     1 ||     1
       Convert to Beogh  |       |     1 ||     1
  Use: Scroll            |     1 |     6 ||     7
 Stab: Sleeping          |     3 |     1 ||     4
Armor: Robe              |    10 |       ||    10
       Ring mail         |    13 |    40 ||    53
Dodge: Dodged            |    47 |    61 ||   108
